 Dungeon Crawl Stone Soup version 0.30.1-11-g7821555f0a (webtiles) character file.

Game seed: 17265543716091237964

242 SacredBeard the Grave Robber (level 5, -4/38 HPs)
             Began as a Demonspawn Necromancer on Nov 19, 2023.
             Slain by an ogre
             ... wielding a +0 giant club
              (32 damage)
             ... on level 5 of the Dungeon.
             The game lasted 00:08:26 (3772 turns).

SacredBeard the Grave Robber (DsNe)                 Turns: 3772, Time: 00:08:26

Health: -4/38      AC:  6    Str: 10    XL:     5   Next: 81%
Magic:  5/8        EV: 11    Int: 17    God:
Gold:   191        SH:  0    Dex: 13    Spells: 5/8 levels left

rFire   . . .        k - +1 dagger (venom)
rCold   . . .        (no shield)
rNeg    . . .        o - +0 leather armour
rPois   .            (no helmet)
rElec   .            (no cloak)
rCorr   .            w - +2 pair of gloves
SInv    .            (no boots)
Will    .....        (no amulet)
Stlth   ++           (no ring)
HPRegen 0.26/turn    (no ring)
MPRegen 0.11/turn

%: no passive effects
@: no status effects
A: claws 1, powered by pain 1
a: no special abilities


You were on level 5 of the Dungeon.
You visited 1 branch of the dungeon, and saw 5 of its levels.

You collected 191 gold pieces.

Inventory:

Hand Weapons
 k - a +1 dagger of venom (weapon)
 q - a +1 vampiric dagger
Missiles
 g - 47 stones
 m - 8 poisoned darts
 t - 3 curare-tipped darts
 v - 6 javelins
Armour
 o - a +0 leather armour (worn)
 w - a +2 pair of gloves (worn)
Magical Staves
 p - a staff of death
Wands
 n - a wand of iceblast (16)
Scrolls
 c - a scroll of fear {unknown}
 f - a scroll of poison {unknown}
 i - 3 scrolls of teleportation
 l - 3 scrolls of identify
 r - 2 scrolls of magic mapping {unknown}
 s - 2 scrolls of blinking {unknown}
 y - a scroll of immolation {unknown}
Potions
 a - a potion of haste {unknown}
 b - a potion of magic
 d - a potion of mutation {unknown}
 e - a potion of cancellation {unknown}
 h - 2 potions of curing
 j - a potion of degeneration {unknown}
 u - a potion of ambrosia {unknown}
 x - a potion of attraction {unknown}
 z - a potion of invisibility {unknown}


   Skills:
 + Level 2.0 Fighting
 + Level 1.2 Throwing
 + Level 1.7 Armour
 - Level 2.0 Dodging
 + Level 2.8 Stealth
 - Level 2.0 Spellcasting
 * Level 5.7 Necromancy
 + Level 1.3 Evocations


You had 5 spell levels left.
You knew the following spells:

 Your Spells              Type           Power      Damage    Failure   Level
a - Necrotise             Necr           84%        1d8       2%          1
b - Passwall              Tmut/Erth      0%         N/A       36%         2

Your spell library contained the following spells:

 Spells                   Type           Power      Damage    Failure   Level
 Vampiric Draining        Necr           21%        2d7       7%          3
 Animate Dead             Necr           21%        N/A       24%         4
 Shock                    Conj/Air       4%         1d3       26%         1
 Slow                     Hex            4%         N/A       26%         1
 Ensorcelled Hibernation  Hex/Ice        2%         N/A       36%         2
 Poisonous Vapours        Pois/Air       2%         N/A       36%         2
 Agony                    Necr           21%        N/A       54%         5
 Mephitic Cloud           Conj/Pois/Air  1%         N/A       58%         3
 Swiftness                Air            1%         N/A       58%         3
 Anguish                  Hex/Necr       5%         N/A       61%         4
 Airstrike                Air            0%         2d(1-17)  94%         4
 Ice Form                 Ice/Tmut       1%         N/A       94%         4
 Freezing Cloud           Conj/Ice/Air   0%         6-21      100%        5


Dungeon Overview and Level Annotations

Branches:
Dungeon (5/15) Zot: 26232
 Temple: D:4-7

Altars:


Innate Abilities, Weirdness & Mutations

You have sharp fingernails.
You sometimes gain a little power by taking damage.


Message History

You hit the jelly.
The jelly is poisoned.
Your hands burn!
The jelly is almost dead.
You kill the jelly!
Your Fighting skill increases to level 2!
Unknown command.
Your +1 dagger of venom stops dripping with poison.
p - a staff of death (weapon)
HP restored.
Magic restored.
An ogre comes into view. It is wielding a +0 giant club.
Found 12 gold pieces.
The ogre shouts!
There is a stone staircase leading up here.
You can't see any susceptible monsters within range! (Use Z to cast anyway.) Throw: 10 darts (poison)
Press: ? - help, Shift-Dir - straight line, f - ogre
Aim: an ogre, wielding a +0 giant club (73% to hit)
You throw a poisoned dart. The poisoned dart hits the ogre.
The ogre is poisoned.
Throw: 9 darts (poison)
Press: ? - help, Shift-Dir - straight line, f/p - ogre
Aim: an ogre, wielding a +0 giant club (lightly wounded, poisoned, 73% to hit)
You throw a poisoned dart. The poisoned dart hits the ogre.
The ogre looks even sicker.
The ogre is lightly wounded.
You feel a surge of power!
The ogre writhes in agony.
You feel a surge of power!
The ogre barely resists.
You feel a surge of power!
The ogre barely resists.
Your +1 dagger of venom begins to drip with poison!
k - a +1 dagger of venom (weapon)
You hit the ogre.
The ogre looks even sicker.
The ogre is heavily wounded.
The ogre hits you with a +0 giant club!
You hit the ogre.
The ogre looks as sick as possible!
The ogre is severely wounded.
You hit the ogre.
The ogre looks as sick as possible!
The ogre is severely wounded.
The ogre hits you with a +0 giant club!!
Ouch! That really hurt!
You die...

.... #...#
.... ##...
..... #...#
#.#.# #@#.#
#O..# ##..#
#..#
####..#####.
##...........
#.$.....(....
#.............
#..........O..


You could see an ogre (extremely poisoned).

Vanquished Creatures
  A jelly (D:5)
  2 iguanas (D:4)
  A sleepcap (D:3)
  4 gnolls (D:3)
  2 adders
  An ufetubus (D:4)
  3 endoplasms
  11 giant cockroaches
  8 goblins
  6 hobgoblins
  3 kobolds
  A quokka (D:2)
  5 ball pythons
  7 bats
  A frilled lizard (D:3)
  9 rats
65 creatures vanquished.

Vanquished Creatures (collateral kills)
  A ball python (D:1)
1 creature vanquished.

Grand Total: 66 creatures vanquished

Notes
Turn   | Place    | Note
-------+----------+-------------------------------------------
     0 | D:1      | SacredBeard the Demonspawn Necromancer began the quest for
                  | the Orb.
     0 | D:1      | Reached XP level 1. HP: 13/13 MP: 3/3
   425 | D:1      | Gained mutation: You have sharp fingernails. [demonic
                  | ancestry]
   425 | D:1      | Reached XP level 2. HP: 20/20 MP: 1/5
  1017 | D:1      | Found Zaill's General Store.
  1296 | D:2      | Got Sif Muna's Compilation of Freezing and Charms
  1453 | D:2      | Reached skill level 1 in Fighting
  1453 | D:2      | Reached XP level 3. HP: 11/26 MP: 0/6
  1807 | D:2      | Reached skill level 5 in Necromancy
  2035 | D:3      | Reached skill level 1 in Armour
  2120 | D:3      | Reached XP level 4. HP: 32/32 MP: 4/7
  2546 | D:3      | Gained mutation: You sometimes gain a little power by
                  | taking damage. [demonic ancestry]
  2546 | D:3      | Reached XP level 5. HP: 37/37 MP: 0/8
  3124 | D:4      | Learned a level 2 spell: Passwall
  3261 | D:4      | Reached skill level 1 in Throwing
  3261 | D:4      | Reached skill level 1 in Evocations
  3673 | D:5      | Entered Level 5 of the Dungeon
  3756 | D:5      | Noticed an ogre
  3772 | D:5      | Slain by an ogre

Illustrated notes

Levels and vault maps discovered:
D:1:      dpeg_arrival_tiny_a, layout_loops_corners, serial_shops,
          nicolae_shop_peninsula
D:2:      layout_rooms, kennysheep_pointless_box
D:3:      minmay_roachtagon, layout_loops_cross
D:4:      nicolae_cairo_tiling_very_big, layout_cave_pools
D:5:      layout_rooms

Skill      XL: |  1  2  3  4  5 |
---------------+----------------+-----
Dodging        | 2 |  2.0
Stealth        | 2 |  2.8
Fighting       | 1 2 |  2.0
Necromancy     | 5 |  5.7
Armour         | 1 |  1.7
Throwing       | 1 |  1.2
Evocations     | 1 |  1.3
Spellcasting   | |  2.0

Action                     |  1- 3 |  4- 6 || total
---------------------------+-------+-------++-------
  Melee: Short sword       |     1 |       ||     1
         Dagger            |     5 |    26 ||    31
         Staff             |       |     9 ||     9
         Punch             |       |     1 ||     1
  Throw: Dart              |       |     2 ||     2
         Stone             |       |     1 ||     1
   Cast: Necrotise         |    63 |    60 ||   123
    Use: Scroll            |       |     2 ||     2
 Armour: Robe              |     1 |       ||     1
         Leather armour    |       |    11 ||    11
  Dodge: Dodged            |     8 |    25 ||    33
